 Dungeon Crawl Stone Soup version 0.27.1-3-gb3d3a73c9e (webtiles) character file.

Game seed: 4994097485388262758

11 Atelerd the Digger (level 2, 0/17 HPs)
             Began as an Octopode Earth Elementalist on Oct 29, 2021.
             Slain by a giant cockroach (1 damage)
             ... on level 1 of the Dungeon.
             The game lasted 00:01:30 (516 turns).

Atelerd the Digger (Octopode Earth Elementalist)     Turns: 516, Time: 00:01:30

Health: 0/17       AC:  1    Str:  7    XL:     2   Next: 29%
Magic:  3/5        EV: 13    Int: 17    God:
Gold:   6          SH:  0    Dex: 12    Spells: 4/5 levels left

rFire    . . .     SeeInvis .   (no weapon)
rCold    . . .     Faith    .   (no shield)
rNeg     . . .     Spirit   .   (helmet restricted)
rPois    .         Reflect  .   (no amulet)
rElec    .         Harm     .   (no ring)
rCorr    .         Rampage  .   (no ring)
Will     .....                  (no ring)
Stlth    +++.......             (no ring)
HPRegen  0.05/turn              (no ring)
MPRegen  0.09/turn              (no ring)
                                (no ring)
                                (no ring)

@: no status effects
A: almost no armour, amphibious, 8 rings, camouflage 1, gelatinous body 1,
(nimble swimmer 1), tentacles
a: no special abilities


You were on level 1 of the Dungeon.
You visited 1 branch of the dungeon, and saw 1 of its levels.

You collected 6 gold pieces.

Inventory:

Missiles
 b - 20 stones
Potions
 a - 2 potions of lignification {unknown}


   Skills:
 + Level 2.4 Dodging
 + Level 3.0 Stealth
 + Level 2.0 Spellcasting
 + Level 1.0 Transmutations
 + Level 3.1 Earth Magic


You had 4 spell levels left.
You knew the following spells:

 Your Spells              Type           Power      Damage    Failure   Level
a - Sandblast             Erth           24%        2d8       5%          1

Your spell library contained the following spells:

 Spells                   Type           Power      Damage    Failure   Level
 Passwall                 Tmut/Erth      6%         N/A       12%         2
 Stone Arrow              Conj/Erth      14%        3d7       30%         3
 Petrify                  Tmut/Erth      8%         N/A       63%         4


Dungeon Overview and Level Annotations

Branches:
Dungeon (1/15)

Altars:


Innate Abilities, Weirdness & Mutations

You cannot wear most types of armour.
You are amphibious.
You can wear up to eight rings at the same time.
Your skin changes colour to match your surroundings (Stealth+).
Your rubbery body absorbs attacks. (AC +1, EV +1)
((You are camouflaged near water. (Stealth+)))
You have tentacles for arms and can constrict up to eight enemies at once.


Message History

The goblin hits you with a +0 dagger.
Unknown command.
You are too depleted to draw on your mana recklessly!
Unknown command.
The blast of sand hits the goblin.
You kill the goblin!
The blast of sand hits the rat.
You kill the rat!
A giant cockroach comes into view.
Found a stone staircase leading down.
An endoplasm comes into view.
Found 12 gold pieces.
A kobold comes into view. It is wielding a +0 short sword.
The giant cockroach barely misses you.
The giant cockroach bites you but does no damage.
A ball python comes into view.
The endoplasm quivers.
A rat and a goblin come into view.
A hobgoblin comes into view.
The hobgoblin shouts!
The giant cockroach bites you.
Found a stone staircase leading down.
The kobold shouts!
The endoplasm jiggles.
The rat closely misses you. The rat bites you.
Found 10 gold pieces.
The goblin shouts!
The giant cockroach bites you.
The hobgoblin hits you but does no damage.
The hobgoblin hits you.
* * * LOW HITPOINT WARNING * * *
The giant cockroach closely misses you.
The kobold hits you with a +0 short sword.
* * * LOW HITPOINT WARNING * * *
The rat misses you.
Found a ring mail.
The rat closely misses you.
You aren't carrying any scrolls.
The giant cockroach bites you.
You die...

##. #.#...######..#..
###..####g...........##..
[$...>......#...####.#...
.B.###..#J....## #.....
###.##.g....##.# #.....
#......g.r.## ... ##.....
#......rK### #..#......
....#.B### #.#.>....
........@.# #........
..........# ####.#....
..........# ##.........
..........# ...........
#.........# .........##
#(........# ..######.##
#...?.....## #....
..........######## #.)##
..#######........###..#


You could see 2 giant cockroaches, a hobgoblin, a goblin and a rat.

Vanquished Creatures
  A dart slug (D:1)
  A goblin (D:1)
  A hobgoblin (D:1)
  A quokka (D:1)
  2 bats (D:1)
  2 frilled lizards (D:1)
  2 rats (D:1)
10 creatures vanquished.

Notes
Turn   | Place    | Note
-------+----------+-------------------------------------------
     0 | D:1      | Atelerd the Octopode Earth Elementalist began the quest for
                  | the Orb.
     0 | D:1      | Reached XP level 1. HP: 11/11 MP: 3/3
    16 | D:1      | Found a faded altar of an unknown god.
   456 | D:1      | Reached XP level 2. HP: 10/17 MP: 3/5
   516 | D:1      | Slain by a giant cockroach

Illustrated notes

Levels and vault maps discovered:
D:1:      dpeg_arrival_rhombus, layout_rooms, hellmonk_ecumenical_altar_run_dry

Skill      XL: |  1  2 |
---------------+-------+-----
Stealth        | 3 |  3.0
Dodging        | |  2.4
Spellcasting   | |  2.0
Transmutations | |  1.0
Earth Magic    | |  3.1

Action                   || total
-------------------------++-------
Melee: Unarmed           ||     9
       Constrict         ||     5
       Tentacles         ||     1
 Cast: Sandblast         ||    10
 Stab: Sleeping          ||     3
Armor: Skin              ||     6
Dodge: Dodged            ||    16
